AoeStats
← Cheonma

Arabia

505787646Analyzed
1v1 RM · 21d ago on Sep 11, 2026· 28m 37s· 2 players
Game mode
Random Map
Map size
Tiny (2 player)
Population
200
Speed
Normal
Resources
Standard
Victory
Conquest
Starting age
Dark Age
Ending age
Imperial Age
RankedLock teamsTeams togetherTeam positionsShared explorationLock speedFull tech treeHidden civsTurbo modeCheats
Victory
Defeat
🇦🇷 Persians · Argentina
1187
+14
🇦🇷 Britons · Argentina
1147
-14
Cheonma
5:43 Loom
9:12 Feudal Age
24:12 Castle Age
23:19 Fletching
23:31 Padded Archer Armor
23:41 Gold Mining
23:42 Horse Collar
24:12 Double-Bit Axe
27:25 Wheelbarrow
26:16 Pikeman
26:58 Squires
DS_Maxi
5:15 Loom
8:34 Feudal Age
9:22 Town Watch
9:38 Double-Bit Axe
10:58 Horse Collar
13:16 Town Watch
17:08 Town Watch
17:52 Fletching
25:05 Castle Age
25:11 Castle Age
23:25 Gold Mining
23:47 Bloodlines
23:56 Bloodlines
24:15 Padded Archer Armor
24:20 Scale Barding Armor
25:15 Elite Skirmisher
25:52 Bodkin Arrow
26:20 Bow Saw
25:51 Elite Skirmisher
27:28 Wheelbarrow
29:25 Chain Barding Armor
29:16 Forging
Connection lost

Rejoining the realm…

Still unreachable

The connection could not be restored.

Session expired

The server has moved on; the page needs a fresh start.